 Dungeon Crawl Stone Soup version 0.18-a0-1521-g59d19af (console) character file.

138 Liam the Magician (level 5, 0/31 HPs)
             Began as a High Elf Wizard on Mar 7, 2016.
             Killed from afar by Natasha (7 damage)
             ... with a magic dart
             ... on level 2 of the Dungeon.
             The game lasted 00:05:32 (3754 turns).

Liam the Magician (High Elf Wizard)                 Turns: 3754, Time: 00:05:33

Health: 0/31       AC:  2    Str:  6    XL:     5   Next: 1%
Magic:  4/13       EV: 12    Int: 23    God:
Gold:   254        SH:  0    Dex: 13    Spells: 5 memorised, 3 levels left

rFire  . . .     SeeInvis .     (no weapon)
rCold  . . .     Gourm    .     a - +0 robe
rNeg   . . .     Faith    .     (no shield)
rPois  .         Spirit   .     l - +0 hat
rElec  .         Dismiss  .     (no cloak)
rCorr  +         Reflect  .     (no gloves)
SustAt .         Harm     .     (no boots)
MR     .....                    (no amulet)
Stlth  +++.......               r - ring of stealth
                                h - ring of resist corrosion

@: slowed, very slow, not resistant to hostile enchantments, fairly stealthy
A: no striking features
a: no special abilities


You were on level 2 of the Dungeon.
You were near starving.

You visited 1 branch of the dungeon, and saw 3 of its levels.

You collected 254 gold pieces.

Inventory:

Armour
 a - a +0 robe (worn)
 b - a +0 hat
 l - a +0 hat (worn)
Jewellery
 h - a ring of resist corrosion (left hand)
 r - a ring of stealth (right hand)
Scrolls
 g - 4 scrolls of enchant weapon {unknown}
 m - a scroll of identify {unknown}
 n - a scroll of recharging {unknown}
 p - a scroll of amnesia {unknown}
 q - a scroll of teleportation {unknown}
 t - a scroll of enchant armour {unknown}
 u - 3 scrolls of noise {unknown}
 w - a scroll of remove curse {unknown}
 y - 3 scrolls of magic mapping {unknown}
Potions
 e - a potion of agility {unknown}
 i - a potion of brilliance {unknown}
 j - a potion of curing
 o - a potion of degeneration {unknown}
 s - a potion of magic {unknown}
 v - a potion of heal wounds {unknown}
Books
 c - a book of Minor Magic

   Spells                             Type                      Level
   a - Magic Dart                     Conjuration                  1
   b - Blink                          Translocation                2
   c - Call Imp                       Summoning                    2
   d - Repel Missiles                 Charms/Air                   2
   e - Slow                           Hexes                        2
   f - Conjure Flame                  Conjuration/Fire             3
   g - Mephitic Cloud                 Conjuration/Poison/Air       3
Comestibles
 d - 2 bread rations
 f - a beef jerky
 k - 2 meat rations
 x - a royal jelly


   Skills:
 - Level 2.1 Dodging
 - Level 2.1 Stealth
 + Level 5.3 Spellcasting
 + Level 3.7 Conjurations
   Level 0.8 Summonings
 - Level 1.1 Translocations


You had 3 spell levels left.
You knew the following spells:

 Your Spells              Type           Power        Failure   Level  Hunger
a - Magic Dart            Conj           ###.         1%          1    None
b - Blink                 Tloc           N/A          12%         2    None
d - Mephitic Cloud        Conj/Pois/Air  ##......     17%         3    ##.....
e - Conjure Flame         Conj/Fire      ##......     14%         3    ##.....
m - Repel Missiles        Chrm/Air       #.....       17%         2    None


Dungeon Overview and Level Annotations

Branches:
Dungeon (3/15)

Altars:

Annotations:
D:2 Natasha, Sigmund, Terence


Message History

You feel yourself slow down.
You are near starving!
Natasha stares at you and mumbles some strange words.
The magic dart hits you!
The iron imp disappears in a puff of smoke!
Natasha barely misses you. Natasha casts a spell at you.
You feel as though you will be slow longer.
Natasha wildly gestures.
You feel disoriented. Natasha claws you. Natasha barely misses you.
Natasha stares at you and mumbles some strange words.
You feel as though you will be slow longer.
Natasha casts a spell at you. The magic dart hits you!
* * * LOW HITPOINT WARNING * * *
Natasha casts a spell at you. The magic dart hits you!
You die...

................##.#...#
.#######........##.#...#
#........##.#...#
#...####.##.#.####
########...# .##.#....#
............ .##.#.##.#
###....###########...)..#
............l.@h.###.####
###....#########@# #.#
#....# #.# #.# #....#
####.###.# ########
###### #.....##.#
#......#
#.....##'####'####.#
#..............# #.#
#..............# #.#
########..............#
#.#
#...............####.##
#.#


You could see Terence, Natasha and a giant newt.

Vanquished Creatures
  2 orc priests (D:3)
  An adder (D:1)
  2 worms
  2 dart slugs (D:2)
  2 giant geckos
  4 orcs (D:3)
  4 giant cockroaches
  7 goblins
  5 hobgoblins
  3 jackals (D:2)
  A quokka (D:3)
  A ball python (D:2)
  2 bats (D:3)
  A giant newt (D:2)
  8 kobolds
  9 rats
54 creatures vanquished.

Notes
Turn   | Place    | Note
--------------------------------------------------------------
     0 | D:1      | Liam the High Elf Wizard began the quest for the Orb.
     0 | D:1      | Reached XP level 1. HP: 11/11 MP: 6/6
   424 | D:1      | Reached XP level 2. HP: 17/17 MP: 5/7
   427 | D:1      | Reached skill level 4 in Spellcasting
  1561 | D:1      | Reached XP level 3. HP: 21/21 MP: 3/9
  1737 | D:2      | Noticed Terence
  1928 | D:2      | Learned a level 2 spell: Blink
  1931 | D:2      | Learned a level 2 spell: Repel Missiles
  1935 | D:2      | Learned a level 3 spell: Conjure Flame
  1939 | D:2      | Learned a level 3 spell: Mephitic Cloud
  2183 | D:2      | Noticed Natasha
  2723 | D:3      | Reached XP level 4. HP: 16/27 MP: 2/11
  2975 | D:3      | Reached skill level 5 in Spellcasting
  3531 | D:2      | Reached XP level 5. HP: 31/31 MP: 11/13
  3590 | D:2      | Noticed Sigmund
  3754 | D:2      | Killed from afar by Natasha

Vault maps used:
D:1:      dpeg_arrival_leaves_temple_mockup
D:2:      first_bread, kennysheep_generic_room_14, uniq_sigmund, uniq_terence,
          uniq_natasha
D:3:      kennysheep_big_flooded_room, lemuel_doored_altar

Skill      XL: |  1  2  3  4 |
---------------+-------------+-----
Spellcasting   | 4 5 |  5.3
Conjurations   | 2 3 |  3.7
Dodging        | |  2.1
Stealth        | |  2.1
Summonings     | |  0.8
Translocations | |  1.1

Action                   |  1- 3 |  4- 6 || total
-------------------------+-------+-------++-------
Melee: Unarmed           |     1 |    21 ||    22
 Cast: Magic Dart        |   145 |    59 ||   204
       Mephitic Cloud    |     1 |     3 ||     4
 Stab: Confused          |       |     4 ||     4
  Eat: Chunk             |     5 |     2 ||     7
